 Dungeon Crawl Stone Soup version 0.24-a0-264-gf46a388 (webtiles) character file.

Game seed: 7307835406521476174

5247 Laiders72 the Basher (level 10, 0/94 HPs)
             Began as a Deep Dwarf Fighter on Mar 24, 2019.
             Was a Believer of Makhleb.
             Slain by a troll (6 damage)
             ... on level 9 of the Dungeon on Apr 21, 2019.
             The game lasted 00:24:48 (6250 turns).

Laiders72 the Basher (Deep Dwarf Fighter)           Turns: 6250, Time: 00:24:48

Health: 0/94       AC:  7    Str: 21    XL:     10   Next: 36%
Magic:  3/3        EV: 14    Int: 15    God:    Makhleb [**....]
Gold:   341        SH: 15    Dex: 23    Spells: 9/9 levels left

rFire    + + +     SeeInvis .   n - +4 mace (crush)
rCold    . . .     Gourm    .   E - +0 shield {rF+}
rNeg     + . .     Faith    .   G - +1 ring mail of Uqit Biw {rF++ rN+} (curse)
rPois    .         Spirit   .   (no helmet)
rElec    .         Reflect  +   (no cloak)
rCorr    .         Harm     .   h - +0 pair of gloves
MR       +....                  (no boots)
Stlth    ++........             m - +3 amulet of reflection
HPRegen  0.00/turn              p - +6 ring of intelligence
MPRegen  0.08/turn              g - +4 ring of dexterity

@: agile, lethally poisoned (0 -> -25), non-regenerating
A: damage resistance, heal wounds, sense surroundings 2, no regeneration
a: Heal Wounds, Minor Destruction, Renounce Religion


You were on level 9 of the Dungeon.
You worshipped Makhleb.
Makhleb was pleased with you.
You were hungry.

You visited 2 branches of the dungeon, and saw 10 of its levels.
You also visited: Ossuary.

You collected 525 gold pieces.
You spent 184 gold pieces at shops.

Inventory:

Hand Weapons
 n - a +4 mace of crushing (weapon)
 s - a +0 flail of protection
 u - the +8 hunting sling "Ruoc" {speed, -Tele rC- MR+++ SInv}
   (You found it on level 4 of the Dungeon)

   Attacks with this weapon are significantly faster.
   It makes you vulnerable to cold.
   It affects your resistance to hostile enchantments.
   It lets you see invisible.
   It prevents most forms of teleportation.
Missiles
 r - 30 tomahawks (quivered)
Armour
 h - a +0 pair of gloves (worn)
 x - a +2 plate armour of positive energy
 E - a +0 shield of fire resistance (worn)
 G - the cursed +1 ring mail of Uqit Biw (worn) {rF++ rN+}
   (You found it on level 7 of the Dungeon)

   It greatly protects you from fire.
   It protects you from negative energy.
   It has a curse placed upon it.
Jewellery
 g - a +4 ring of dexterity (right hand)
 m - a +3 amulet of reflection (around neck)
 p - a +6 ring of intelligence (left hand)
 v - an uncursed ring of ice
 I - an uncursed amulet of the acrobat {unknown}
Scrolls
 c - a scroll of summoning {unknown}
 e - a scroll of holy word {unknown}
 k - a scroll of enchant armour {unknown}
 o - a scroll of remove curse
 q - 6 scrolls of teleportation
 w - a scroll of fear {unknown}
 y - 2 scrolls of random uselessness {unknown}
 D - 3 scrolls of identify
 F - a scroll of fog {unknown}
Potions
 a - a potion of resistance
 b - a potion of flight {unknown}
 d - 3 potions of agility
 i - a potion of brilliance
 j - 2 potions of heal wounds
 l - a potion of lignification {unknown}
 t - a potion of magic {unknown}
 z - 2 potions of curing {unknown}
 A - a potion of berserk rage {unknown}
 B - a potion of cancellation
 C - a potion of ambrosia {unknown}
Comestibles
 f - 16 rations
 H - 4 chunks of flesh


   Skills:
 + Level 7.3 Fighting
 * Level 11.7 Maces & Flails
 - Level 3.3 Armour
 - Level 8.1 Shields


You had 9 spell levels left.
You didn't know any spells.
Your spell library was empty.

Dungeon Overview and Level Annotations

Branches:
Dungeon (9/15)             Temple (1/1) D:6
   Lair: D:8-11         Orc: D:9-12

Altars:
Ashenzari
Dithmenos
Elyvilon
Fedhas
Gozag
Hepliaklqana
Kikubaaqudgha
Makhleb
Nemelex Xobeh
Okawaru
Qazlal
Ru
Sif Muna
Trog
Uskayaw
Vehumet
Wu Jian
Xom
Yredelemnul
Zin
The Shining One

Shops:
D:7 [


Innate Abilities, Weirdness & Mutations

You are resistant to damage.
You can heal yourself by infusing magical energy.
You passively map the area around you.
You do not regenerate.


Message History

You are more poisoned.
The killer bee poisons you! The troll barely misses you.
You block the troll's attack. The troll completely misses you.
You closely miss the troll.
The troll is almost dead.
* * * LOW HITPOINT WARNING * * *
You feel very sick. The killer bee stings you.
* * * LOW HITPOINT WARNING * * *
You are more poisoned.
The killer bee poisons you!
The warg howls!
You block the killer bee's attack. The killer bee barely misses you.
The killer bee stings you. You block the killer bee's attack.
The killer bee stings you. The killer bee misses you.
An orc comes into view. It is wielding a +0 dagger.
The killer bee misses you. The troll bites you.
* * * LOW HITPOINT WARNING * * *
The troll claws you!
You die...

, , , ,, , *
#######....##*
** * , *
............# ,
, ** , ,
............#
#...........# ,
, , ,
*#...........#
, #.....oy....#
, ,
,,.....hyTy...#
,, , ,
oh.o.yy@y...# ,
, ,
,.###+########
, , , , , , , ,
** , *** , * *
, * ,, ,, ,,, ,
, , , *, ,, *,,
, , ,,, ,, ,,
** ,*** ,, , ,
, , , ,,


You could see a troll, 2 wargs, 6 killer bees, an orc priest and 2 orcs.

Vanquished Creatures
  A two-headed ogre (D:7)
  Pikel (D:6)
  3 hippogriffs
  Sigmund (D:3)
  A human (D:8)
  Menkaure (D:4)
  A black bear (D:8)
  4 orc warriors
  2 ogres
  A necrophage (D:7)
  3 elf zombies (Ossuary)
  3 bullfrogs
  A water moccasin zombie (D:8)
  A scorpion (D:7)
  10 killer bees
  8 howler monkeys
  4 crimson imps
  A quasit (D:7)
  2 centaur zombies
  A gnoll shaman (D:7)
  2 hounds
  3 jellies
  A human zombie (Ossuary)
  An orc priest (D:6)
  6 orc wizards
  2 bullfrog skeletons
  A centaur skeleton (D:6)
  2 iguanas
  6 worker ants
  A big kobold zombie (Ossuary)
  A hound zombie (D:7)
  2 mummies (Ossuary)
  A howler monkey zombie (D:6)
  6 adders
  8 gnolls
  A howler monkey skeleton (D:7)
  A shadow imp (D:8)
  3 adder zombies
  2 adder skeletons
  2 worms (D:3)
  A dart slug (D:1)
  8 leopard geckos
  20 orcs
  2 ball pythons
  7 giant cockroaches
  4 goblins
  4 hobgoblins
  4 jackals (D:1)
  4 kobolds
  2 quokkas
  9 bats
  8 frilled lizards
  11 hobgoblin zombies (Ossuary)
  A jackal skeleton (D:5)
  A jackal zombie (Ossuary)
  6 kobold zombies (Ossuary)
  11 orc zombies (Ossuary)
  A quokka skeleton (D:4)
  A quokka zombie (D:7)
  4 rats (D:3)
211 creatures vanquished.

Vanquished Creatures (others)
  A slave (D:6)
  An orc priest (D:4)
  An adder (D:6)
  A shadow imp (D:6)
  An adder skeleton (D:6)
  A leopard gecko (D:6)
  A plant (D:8)
7 creatures vanquished.

Grand Total: 218 creatures vanquished

Notes
Turn   | Place    | Note
-------+----------+-------------------------------------------
     0 | D:1      | Laiders72 the Deep Dwarf Fighter began the quest for the
                  | Orb.
     0 | D:1      | Reached XP level 1. HP: 20/20 MP: 1/1
   101 | D:1      | Reached XP level 2. HP: 24/27 MP: 2/2
   199 | D:1      | Reached skill level 3 in Maces & Flails
   411 | D:1      | Reached XP level 3. HP: 26/33 MP: 3/3
   613 | D:2      | You fall through a shaft!
   625 | D:3      | Noticed Sigmund
   643 | D:3      | Killed Sigmund
   643 | D:3      | Reached skill level 5 in Maces & Flails
   643 | D:3      | Reached XP level 4. HP: 24/40 MP: 4/4
   643 | D:3      | Reached XP level 5. HP: 27/46 MP: 5/5
  1141 | D:3      | HP: 1/48 [gnoll/+0 halberd (4)]
  1160 | D:3      | Reached skill level 6 in Maces & Flails
  1160 | D:3      | Reached XP level 6. HP: 19/56 MP: 6/6
  1585 | D:4      | Upgraded the game from 0.24-a0-201-gf205589 to
                  | 0.24-a0-264-gf46a388
  1761 | D:4      | Noticed Menkaure
  1777 | D:4      | Killed Menkaure
  1777 | D:4      | Reached XP level 7. HP: 35/62 MP: 5/5
  1787 | D:4      | Got a crystal hunting sling
  1995 | D:4      | Reached skill level 7 in Maces & Flails
  2231 | D:5      | Entered Level 5 of the Dungeon
  2251 | D:5      | Found a sand-covered staircase.
  2289 | Ossuary  | Entered an ossuary
  2474 | Ossuary  | Reached skill level 5 in Shields
  2526 | Ossuary  | Reached XP level 8. HP: 31/73 MP: 6/6
  2960 | D:5      | Reached skill level 8 in Maces & Flails
  3028 | D:5      | Identified the +8 hunting sling "Ruoc" {speed, -Tele rC-
                  | MR+++ SInv} (You found it on level 4 of the Dungeon)
  3236 | D:6      | Found a staircase to the Ecumenical Temple.
  3276 | Temple   | Entered the Ecumenical Temple
  3358 | Temple   | Became a worshipper of Makhleb the Destroyer
  3470 | D:6      | Noticed Pikel
  3506 | D:6      | Killed Pikel
  3506 | D:6      | Reached skill level 5 in Fighting
  3515 | D:6      | Reached skill level 9 in Maces & Flails
  3928 | D:6      | Gained mutation: You passively map the area around you.
                  | [Deep Dwarf growth]
  3928 | D:6      | Reached XP level 9. HP: 72/81 MP: 6/6
  4266 | D:7      | Reached * piety under Makhleb
  4344 | D:7      | Found Vohor's Armour Boutique.
  4376 | D:7      | Bought a +0 shield of fire resistance for 184 gold pieces
  4613 | D:7      | Reached skill level 10 in Maces & Flails
  4941 | D:7      | Got an ancient ring mail
  5340 | D:7      | Identified the cursed +1 ring mail of Uqit Biw {rF++ rN+}
                  | (You found it on level 7 of the Dungeon)
  5368 | D:8      | Noticed a two-headed ogre
  5389 | D:7      | Killed a two-headed ogre
  5389 | D:7      | Reached skill level 11 in Maces & Flails
  5389 | D:7      | Reached XP level 10. HP: 49/92 MP: 6/6
  5494 | D:8      | Reached ** piety under Makhleb
  6250 | D:9      | Slain by a troll

Levels and vault maps discovered:
D:1:      scummos_arrival_star, layout_rooms, minmay_small_reverse_x
D:2:      layout_basic, cheibriados_altar_1, uniq_terence
D:3:      layout_basic, uniq_sigmund
D:4:      layout_basic, uniq_menkaure
D:5:      layout_rooms, first_ration, lightli_ossuary_entry_decrepit_ruins
D:6:      layout_loops_ring, minmay_temple_entry_statues_pillars, uniq_pikel
D:7:      layout_basic, serial_shops, shop
D:8:      layout_loops_ring, serial_bayou, serial_bayou_lagoon_a,
          serial_bayou_shore_b, serial_bayou_lake_a, serial_bayou_pond_d,
          serial_bayou_pond_d, roderic_serpentine_path, minmay_misc_feat_roman,
          grunt_pizzeria, minmay_fractal_squares_diagonal_5
D:9:      minmay_razor_zed, layout_grid_maze, erik_lair_orcish_takeover
Temple:   grunt_wide_crystal_templ
Ossuary:  ossuary_tomb_1

Skill      XL: |  1  2  3  4  5  6  7  8  9 10 |
---------------+-------------------------------+-----
Maces & Flails | 3 5 6 7 9 11 | 11.7
Fighting       | 3 4 5 6 7 |  7.3
Shields        | 4 5 6 8 |  8.1
Armour         | |  3.3

Action                   |  1- 3 |  4- 6 |  7- 9 | 10-12 || total
-------------------------+-------+-------+-------+-------++-------
Melee: Flail             |   102 |   176 |   254 |       ||   532
       Mace              |       |       |   325 |   115 ||   440
 Abil: Heal Wounds       |       |    11 |     9 |     7 ||    27
  Use: Scroll            |     1 |     1 |     5 |       ||     7
       Potion            |     2 |       |     4 |     2 ||     8
  Eat: Chunk             |       |     3 |    10 |     2 ||    15
       Ration            |       |       |     1 |       ||     1
Armor: Scale mail        |    71 |    86 |    89 |       ||   246
       Plate armour      |       |       |   190 |       ||   190
       Chain mail        |       |       |    12 |       ||    12
       Ring mail         |       |       |     3 |    38 ||    41
Dodge: Dodged            |    51 |    71 |   111 |    70 ||   303
Block: Shield            |   102 |   159 |   519 |   142 ||   922
       Reflection        |       |     1 |     2 |       ||     3

Table legend:
 A = Non-vault XP
 B = Vault XP
 C = Vault XP percentage of total XP
 D = Non-vault monster count
 E = Vault monster count
 F = Vault count percentage of total count
                 A         B        C        D         E       F
            +---------+---------+-------+---------+---------+-------
      Total |    5363 |    2133 |  28.5 |     162 |      50 |  23.6
            +---------+---------+-------+---------+---------+-------
        D:1 |      41 |       8 |  16.3 |      22 |       4 |  15.4
        D:3 |     144 |     227 |  61.2 |      31 |       1 |   3.1
        D:4 |     398 |     175 |  30.5 |      15 |       1 |   6.2
        D:5 |      91 |       0 |   0.0 |       6 |       0 |   0.0
        D:6 |     655 |     617 |  48.5 |      23 |       1 |   4.2
        D:7 |    3031 |       0 |   0.0 |      44 |       0 |   0.0
        D:8 |     984 |     626 |  38.9 |      20 |       5 |  20.0
        D:9 |      19 |       0 |   0.0 |       1 |       0 |   0.0
    Ossuary |       0 |     480 | 100.0 |       0 |      38 | 100.0
            +---------+---------+-------+---------+---------+-------
